 Dungeon Crawl Stone Soup version 0.27-a0-1149-g4505690ab0 (webtiles) character file.

Game seed: 12117980773153928021

158 chippings the Slasher (level 5, -1/41 HPs)
             Began as a Mummy Gladiator on May 12, 2021.
             Slain by a phantom (2 damage)
             ... on level 3 of the Dungeon.
             The game lasted 00:04:10 (3376 turns).

chippings the Slasher (Mummy Gladiator)             Turns: 3376, Time: 00:04:11

Health: -1/41      AC:  9    Str: 19    XL:     5   Next: 16%
Magic:  5/5        EV:  8    Int:  7    God:
Gold:   143        SH:  0    Dex: 13    Spells: 4/4 levels left

rFire    x . .     SeeInvis .   o - +0 dire flail
rCold    + . .     Faith    .   (shield currently unavailable)
rNeg     + + +     Spirit   .   k - +0 chain mail
rPois    ∞         Reflect  .   c - +0 helmet
rElec    .         Harm     .   (no cloak)
rCorr    .         Rampage  .   (no gloves)
Will     .....                  (no boots)
Stlth    ..........             (no amulet)
HPRegen  0.13/turn              (no ring)
MPRegen  0.09/turn              (no ring)

@: about to teleport, silenced
A: cold resistance 1, negative energy resistance 3, torment resistance 2, heat
vulnerability 1, no potions
a: no special abilities


You were on level 3 of the Dungeon.
You visited 1 branch of the dungeon, and saw 4 of its levels.

You collected 143 gold pieces.

Inventory:

Hand Weapons
 a - a +0 long sword
 o - a +0 dire flail (weapon)
Missiles
 b - 10 poisoned darts
 d - 3 throwing nets (quivered)
Armour
 c - a +0 helmet (worn)
 k - a +0 chain mail (worn)
Wands
 m - a wand of iceblast (3)
Scrolls
 e - 4 scrolls of identify {unknown}
 f - a scroll of enchant armour {unknown}
 g - a scroll of magic mapping {unknown}
 h - a scroll of noise {unknown}
 i - 3 scrolls of teleportation
 j - a scroll of immolation
 n - a scroll of fear {unknown}


   Skills:
 + Level 3.4 Fighting
 - Level 3.9 Long Blades
 * Level 1.3 Maces & Flails
 - Level 1.5 Throwing
 - Level 2.4 Dodging


You had 4 spell levels left.
You didn't know any spells.
Your spell library contained the following spells:

 Spells                   Type           Power      Damage    Failure   Level
 Lesser Beckoning         Tloc           0%         N/A       100%        3
 Summon Forest            Summ/Tloc      0%         N/A       100%        5
 Summon Mana Viper        Hex/Summ       0%         N/A       100%        5


Dungeon Overview and Level Annotations

Branches:
Dungeon (4/15)
 Temple: D:4-7

Altars:

Annotations:
D:3 2 transporters, leviel's ghost, weakling MiFi


Innate Abilities, Weirdness & Mutations

You are immune to poison.
Your flesh is cold resistant. (rC+)
You are immune to negative energy. (rN+++)
You are immune to unholy pain and torment.
You are vulnerable to heat. (rF-)
You do not drink.


Message History

The phantom hits you.
The phantom blinks!
You blink.
You closely miss the gnoll shaman. The phantom hits you.
The gnoll shaman hits you with a +0 club.
You puncture the gnoll shaman!
The gnoll shaman is moderately wounded.
The phantom hits you.
The phantom blinks!
You blink.
You closely miss the phantom.
The phantom is heavily damaged.
The phantom hits you but does no damage.
The phantom closely misses you.
You barely miss the phantom.
The phantom is heavily damaged.
The gnoll shaman hits you with a +0 club.
The phantom barely misses you.
The gnoll shaman hits you with a +0 club.
* * * LOW HITPOINT WARNING * * *
You hit the phantom.
The phantom is severely damaged.
The phantom misses you.
The gnoll shaman hits you with a +0 club.
* * * LOW HITPOINT WARNING * * *
You hit the phantom but do no damage.
The phantom is severely damaged.
The phantom hits you but does no damage.
The gnoll shaman hits you with a +0 club.
* * * LOW HITPOINT WARNING * * *
As you read the scroll labelled XOILAL UMAXUA, it crumbles to dust.
You feel strangely unstable.
It was a scroll of teleportation.
The phantom hits you but does no damage.
The gnoll shaman hits you with a +0 club.
* * * LOW HITPOINT WARNING * * *
As you read the scroll labelled PELIQ KUSCH, it crumbles to dust.
The creatures around you are filled with an inner flame!
It was a scroll of immolation.
The phantom hits you but does no damage.
The gnoll shaman hits you but does no damage.
As you read the scroll labelled RORCHE YGIUGREC, it crumbles to dust.
A profound silence engulfs you.
It was a scroll of silence.
The phantom hits you.
You die...

.##........#.....#......##.#
......####.###.#.#########.######
#...#.# #.#<..#.# #......#...
#..##.# #.###.#.######.##.#.#.##
#.....# #.......#.........#.#.#.
....### #########.###.......#.#.
..#.# #.# #.......#.#.
.##.##############.###.#####.#.#.
...............W@g....>)...#.....
..##......########(###)###.#.#.#)
#.##......# #.....# #.......
#.##......# ####### ###.#.#.
..##......# #.#.#. ####......#
###.#. .# #......# ###.#.
.#####.#### #...#. ..# #.# #.#.#.


You could see a phantom (inner flame) and a gnoll shaman (inner flame).

Vanquished Creatures
  Ijyb (D:3)
  4 gnolls (D:3)
  2 adders
  A worm (D:2)
  A dart slug (D:2)
  6 endoplasms
  A giant cockroach (D:2)
  8 goblins
  5 hobgoblins
  6 jackals (D:1)
  8 quokkas
  8 ball pythons
  8 bats
  4 frilled lizards
  3 kobolds
  8 rats
74 creatures vanquished.

Notes
Turn   | Place    | Note
-------+----------+-------------------------------------------
     0 | D:1      | chippings the Mummy Gladiator began the quest for the Orb.
     0 | D:1      | Reached XP level 1. HP: 16/16 MP: 1/1
   366 | D:1      | Reached XP level 2. HP: 22/22 MP: 2/2
   917 | D:2      | Reached XP level 3. HP: 28/28 MP: 3/3
  1043 | D:2      | Identified Kiemotubb's Incunabulum of Orientation and
                  | Calling
  1358 | D:2      | Found a faded altar of an unknown god.
  2271 | D:3      | Noticed Ijyb
  2286 | D:3      | Killed Ijyb
  2287 | D:3      | Reached XP level 4. HP: 26/35 MP: 4/4
  2469 | D:3      | Found a transporter.
  2471 | D:3      | Noticed leviel's ghost (weakling MiFi)
  2473 | D:3      | Identified the +11 dire flail "Pesar" {vorpal, Will- rCorr
                  | SInv}
  2473 | D:3      | Noticed an ogre
  2475 | D:3      | Found a transporter.
  3063 | D:4      | Noticed a phantom
  3075 | D:3      | Reached skill level 1 in Maces & Flails
  3075 | D:3      | Reached XP level 5. HP: 31/41 MP: 5/5
  3373 | D:3      | HP: 2/41 [gnoll shaman/+0 club (4)]
  3376 | D:3      | Slain by a phantom

Illustrated notes

Levels and vault maps discovered:
D:1:      saegor_arrival_simple_b, layout_basic
D:2:      minmay_chambers_of_twos, layout_loops_ring,
          shapermc_ecumenical_altar_mp_highgroup, chequers_serial_rivers_large_a
D:3:      layout_basic, gammafunk_ghost_smash, hangedman_decor_points, uniq_ijyb
D:4:      cheibrodos_barr_body, layout_rooms

Skill      XL: |  1  2  3  4 |
---------------+-------------+-----
Long Blades    | 3 |  3.9
Fighting       | 3 |  3.4
Maces & Flails | 1 |  1.3
Throwing       | |  1.5
Dodging        | |  2.4

Action                   |  1- 3 |  4- 6 || total
-------------------------+-------+-------++-------
Melee: Long sword        |   135 |    25 ||   160
       Dire flail        |       |    44 ||    44
  Use: Scroll            |       |     3 ||     3
Armor: Leather armour    |    24 |       ||    24
       Chain mail        |    58 |    58 ||   116
Dodge: Dodged            |    78 |    38 ||   116
       Rpst.: Long sword |    19 |       ||    19

Table legend: (Time is in decaauts)
 A = Elapsed time spent in this place.
 B = Non-inter-level travel time spent in this place.
 C = Inter-level travel time spent in this place.
 D = Time resting spent in this place.
 E = Time spent auto-exploring this place.
 F = Levels seen in this place.
 G = Mean time per level.
                   A        B        C        D        E       F      G
               +--------+--------+--------+--------+--------+-----+--------+
         Total |   3443 |   3325 |    118 |    155 |   2344 |   4 |  860.8 |
       Dungeon |   3443 |   3325 |    118 |    155 |   2344 |   4 |  860.8 |
               +--------+--------+--------+--------+--------+-----+--------+

Top non-repeatable levels by time:
     D:2: 1389 daAuts
     D:3: 1114 daAuts
     D:1: 926 daAuts
     D:4: 13 daAuts
